 Dungeon Crawl Stone Soup version 0.29.1-15-g9cfb28693d (webtiles) character file.

Game seed: 5515774848788960729

12698 firemarshallily the Fighter (level 11, -2/95 HPs)
             Began as a Demonspawn Gladiator on Mar 9, 2023.
             Was a High Priest of Nemelex Xobeh.
             Killed from afar by a steam dragon (27 damage)
             ... with a ball of steam
             ... on level 10 of the Dungeon.
             The game lasted 00:41:49 (14415 turns).

firemarshallily the Fighter (Demonspawn Gladiator) Turns: 14415, Time: 00:41:56

Health: -2/95      AC: 12    Str: 24    XL:     11   Next: 65%
Magic:  15/15      EV: 12    Int: 10    God:    Nemelex Xobeh [*****.]
Gold:   489        SH:  0    Dex: 15    Spells: 10/10 levels left

rFire   . . .      SeeInvis .     - Unarmed
rCold   . . .      Faith    .   (no shield)
rNeg    . . .      Spirit   .   L - +0 acid dragon scales
rPois   .          Reflect  .   a - +1 hat
rElec   .          Harm     .   J - +2 cloak
rCorr   +          Rampage  .   (gloves unavailable)
Will    +....                   (boots unavailable)
Stlth   +.........              (no amulet)
HPRegen 0.25/turn               D - +6 ring of strength
MPRegen 0.14/turn               B - ring of willpower

@: marked
A: antennae 2, claws 3, hooves 3, powered by pain 1, condensation shield
a: Renounce Religion, Draw Escape, Draw Destruction, Draw Summoning, Triple
Draw, Deal Four, Stack Five


You were on level 10 of the Dungeon.
You worshipped Nemelex Xobeh.
Nemelex Xobeh was extremely pleased with you.
You visited 1 branch of the dungeon, and saw 10 of its levels.
You also visited: Sewer.

You collected 489 gold pieces.

Inventory:

Missiles
 d - 3 throwing nets
 e - 4 javelins
 g - 8 curare-tipped darts
 o - 42 poisoned darts
 s - 12 boomerangs (quivered)
 I - 5 atropa-tipped darts
Armour
 a - a +1 hat (worn)
 J - a +2 cloak (worn)
 L - +0 acid dragon scales (worn)
Jewellery
 f - a ring of ice
 j - a ring of resist corrosion
 x - a ring of protection from fire
 B - a ring of willpower (right claw)
 D - a +6 ring of strength (left claw)
 H - a ring of protection from fire
 K - a ring of see invisible
Wands
 b - a wand of mindburst (12)
 q - a wand of digging (7)
 C - a wand of roots (7)
 G - a wand of light (17)
 O - a wand of paralysis (8)
 P - a wand of flame (13)
Scrolls
 c - 3 scrolls of teleportation
 m - a scroll of poison {unknown}
 n - 4 scrolls of immolation
 t - 4 scrolls of vulnerability
 y - a scroll of enchant weapon
 A - 3 scrolls of fear
 N - a scroll of noise {unknown}
 Q - a scroll of butterflies
Potions
 h - 3 potions of heal wounds
 i - 4 potions of mutation
 k - 4 potions of haste
 l - a potion of ambrosia {unknown}
 p - 5 potions of berserk rage
 u - 3 potions of curing
 v - 2 potions of lignification {unknown}
 w - 3 potions of resistance
 z - 2 potions of might
 E - 2 potions of magic {unknown}
 F - 2 potions of flight {unknown}
 M - a potion of attraction {unknown}
 R - a potion of cancellation {unknown}


   Skills:
 * Level 11.9 Fighting
 - Level 3.4 Maces & Flails
 - Level 1.7 Throwing
 + Level 7.5 Armour
 - Level 2.6 Dodging
 * Level 10.3 Unarmed Combat
 - Level 5.5 Invocations


You had 10 spell levels left.
You didn't know any spells.
Your spell library contained the following spells:

 Spells                   Type           Power      Damage    Failure   Level
 Sublimation of Blood     Necr           0%         N/A       56%         2
 Frozen Ramparts          Ice            0%         1d1       80%         3
 Gell's Gravitas          Tloc           0%         N/A       80%         3
 Lesser Beckoning         Tloc           0%         N/A       80%         3
 Teleport Other           Tloc           0%         N/A       80%         3
 Airstrike                Air            0%         2d(0-16)  99%         4
 Ice Form                 Ice/Tmut       0%         N/A       99%         4
 Summon Ice Beast         Ice/Summ       0%         N/A       99%         4
 Summon Lightning Spire   Summ/Air       0%         N/A       99%         4
 Agony                    Necr           0%         N/A       100%        5
 Lightning Bolt           Conj/Air       0%         1d11      100%        5
 Metabolic Englaciation   Hex/Ice        0%         N/A       100%        5


Dungeon Overview and Level Annotations

Branches:
Dungeon (10/15)            Temple (0/1) D:4           Sewer (visited)
   Lair: D:8-11         Orc: D:9-12

Altars:
Fedhas
Gozag
Hepliaklqana
Makhleb
Nemelex Xobeh
Okawaru
Vehumet

Shops:
D:5 *

Annotations:
D:9 exclusion: oklob plant


Innate Abilities, Weirdness & Mutations

You have a pair of antennae on your head.
You have claws for hands.
You have hooves in place of feet.
You sometimes gain a little power by taking damage.
A meltable shield of frost defends you. (SH +0)


Message History

You kill the orc!
Unknown command.
Throw: 12 boomerangs
Press: ? - help, Q - select action, (/) - cycle Shift-Dir - straight line, f - orc wizard
Aim: an orc wizard, wielding a +0 dagger and wearing a +0 robe (heavily wounded, 58% to hit)
You throw a boomerang. The boomerang hits the orc wizard.
The orc wizard is almost dead.
Throw: 12 boomerangs
Press: ? - help, Q - select action, (/) - cycle Shift-Dir - straight line, f/p - orc wizard
Aim: an orc wizard, wielding a +0 dagger and wearing a +0 robe (almost dead, 58% to hit)
You throw a boomerang.
The boomerang barely misses the orc wizard.
The orc wizard hits you with a +0 dagger.
* * * LOW HITPOINT WARNING * * *
You closely miss the orc wizard. Your kick misses the orc wizard.
The orc wizard is almost dead.
You mangle the orc wizard!!
You kill the orc wizard!
A steam dragon comes into view.
An orc wizard comes into view.
It is wielding a +0 dagger and carrying a wand of polymorph (3).
The orc wizard zaps a wand.
You resist with almost no effort. The steam dragon breathes steam at you.
The ball of steam misses you.
The orc wizard zaps a wand.
You resist with almost no effort.
You enter the shallow water.
Moving in this stuff is going to be slow.
The orc wizard zaps a wand.
You resist with almost no effort.
The now-empty wand crumbles to dust.
You see here a +0 quarterstaff.
Blink to where?
Press: ? - help, Dir - move target
As you read the scroll of blinking, it crumbles to dust.
The steam dragon breathes steam at you.
The ball of steam hits the orc!!
The orc dies!
You hear a splash. x2
The ball of steam hits you!!
Your condensation shield dissipates!
You die...
Your body glows with a rainbow of weird colours and disappears.

#..#######..###.........#### ..
#.## #).###.#######..####.# # #.#
#......# ###.......# .##.####
#...########...#..#..# .......#
##>#.# ##~..#~#........ #...##.#
#(.#.###~~.≈..~..~....#
#..##.####..#..##≈.≈..~.~#.#.†#
###.##......###.#..~~.~≈~~~~#.###
#..........|.##.@....~.~♣.~~....#
..#.##....##.....§§♣~~#≈~~~≈.##..
.##.#..#......#....§~.~~~§≈~####.
..#.≈..######.#.o..~.)D≈#~)~# ##
#...≈≈...###....#.......#~..#
###.≈..........##...#~~o..~##
#.÷...≈≈≈......^.#####...#
###÷##....≈≈≈#...... ##...#
............≈≈......# #...o#


You could see an orc priest and an orc wizard.

Vanquished Creatures
  Gastronok (D:9)
  Fannar (D:10)
  Harold (D:10)
  Erolcha (D:9)
  2 two-headed ogres
  Urug (D:10)
  Maggie (D:7)
  A kobold demonologist (D:10)
  Grinder (D:6)
  2 hornets (D:8)
  A vampire (D:10)
  A wyvern (D:9)
  15 yaks
  A human (D:10)
  A steam dragon (D:7)
  2 wargs (D:10)
  3 water moccasins
  A sky beast (D:6)
  2 ice beasts (D:8)
  2 wolves (D:8)
  3 centaurs
  2 phantoms
  6 kobold brigands
  2 bullfrogs
  2 scorpions (D:4)
  14 wights
  7 killer bees
  2 electric eels (D:8)
  3 howler monkeys
  A hound (D:5)
  2 orc priests
  A wyvern simulacrum (D:8)
  4 jellies (Sewer)
  Crazy Yiuf (D:7)
  4 iguanas
  11 orc wizards
  A killer bee simulacrum (D:8)
  4 gnolls
  6 adders
  5 river rats
  A shadow imp (D:5)
  3 white imps
  2 ufetubi
  3 worms
  2 dart slugs
  38 orcs
  9 ball pythons
  10 endoplasms
  10 giant cockroaches
  5 goblins
  7 hobgoblins
  3 jackals (D:3)
  2 quokkas
  6 bats
  7 frilled lizards
  37 kobolds
  9 rats
276 creatures vanquished.

Vanquished Creatures (others)
  An orc (D:10)
  7 plants (D:4)
8 creatures vanquished.

Grand Total: 284 creatures vanquished

Notes
Turn   | Place    | Note
-------+----------+-------------------------------------------
     0 | D:1      | firemarshallily the Demonspawn Gladiator began the quest
                  | for the Orb.
     0 | D:1      | Reached XP level 1. HP: 16/16 MP: 1/1
   674 | D:1      | Discovered your monstrous ancestry.
   674 | D:1      | Gained mutation: You have a pair of small antennae on your
                  | head. [demonic ancestry]
   674 | D:1      | Reached XP level 2. HP: 23/23 MP: 2/2
  1332 | D:2      | Found a faded altar of an unknown god.
  1341 | D:2      | Prayed at the altar of an unknown god.
  1341 | D:2      | Became a worshipper of Nemelex Xobeh the Trickster
  1341 | D:2      | Reached * piety under Nemelex Xobeh
  1341 | D:2      | Received a gift from Nemelex Xobeh
  1506 | D:2      | Identified the +2 pair of boots "Omaicyer" {rC+ Dex+3}
  1798 | D:2      | Reached skill level 1 in Armour
  1798 | D:2      | Gained mutation: You have large cloven feet. [demonic
                  | ancestry]
  1798 | D:2      | Reached XP level 3. HP: 26/28 MP: 3/3
  1949 | D:3      | Found a burning altar of Makhleb.
  2354 | D:3      | Reached skill level 3 in Fighting
  2361 | D:3      | Reached skill level 1 in Invocations
  2621 | D:3      | Found a radiant altar of Vehumet.
  2622 | D:3      | Reached ** piety under Nemelex Xobeh
  2851 | D:4      | Gained mutation: You have hoof-like feet. [demonic
                  | ancestry]
  2851 | D:4      | Reached XP level 4. HP: 34/35 MP: 4/4
  2958 | D:4      | Found a staircase to the Ecumenical Temple.
  3217 | D:4      | Noticed a scorpion
  3224 | D:4      | Killed a scorpion
  3225 | D:4      | Gained mutation: You have sharp fingernails. [demonic
                  | ancestry]
  3225 | D:4      | Reached XP level 5. HP: 30/42 MP: 6/6
  3384 | D:3      | Reached skill level 4 in Fighting
  3598 | D:4      | Reached skill level 1 in Unarmed Combat
  3598 | D:4      | Gained mutation: You sometimes gain a little power by
                  | taking damage. [demonic ancestry]
  3598 | D:4      | Reached XP level 6. HP: 39/49 MP: 6/8
  3911 | D:5      | Entered Level 5 of the Dungeon
  3973 | D:5      | Noticed a yak
  3974 | D:5      | Noticed a yak
  3974 | D:5      | Noticed a yak
  4256 | D:5      | Noticed a yak
  4262 | D:4      | Killed a yak
  4263 | D:4      | Gained mutation: A meltable shield of frost defends you.
                  | (SH +0) [demonic ancestry]
  4263 | D:4      | Reached XP level 7. HP: 19/55 MP: 9/9
  4270 | D:4      | Killed a yak
  4271 | D:4      | Reached skill level 5 in Fighting
  4498 | D:5      | Killed a yak
  4504 | D:5      | Killed a yak
  4720 | D:5      | Gained mutation: You have very sharp fingernails. [demonic
                  | ancestry]
  4720 | D:5      | Reached XP level 8. HP: 53/64 MP: 11/11
  4765 | D:5      | Reached skill level 6 in Fighting
  5060 | D:5      | Found an opulent altar of Gozag.
  5060 | D:5      | Found Gozag's Platinum Reserve.
  5335 | D:5      | Reached skill level 5 in Invocations
  6081 | D:6      | Found a glowing drain.
  6089 | Sewer    | Entered a sewer
  6365 | Sewer    | Found a viscous altar of Jiyva.
  6452 | D:6      | Reached *** piety under Nemelex Xobeh
  6562 | D:6      | Found an iron altar of Okawaru.
  6596 | D:6      | Found a hazy altar of Hepliaklqana.
  6740 | D:6      | Reached skill level 5 in Unarmed Combat
  6900 | D:6      | Reached skill level 7 in Fighting
  7003 | D:6      | Received a gift from Nemelex Xobeh
  7055 | D:6      | Noticed Grinder
  7076 | D:6      | Killed Grinder
  7881 | D:7      | Reached **** piety under Nemelex Xobeh
  8011 | D:7      | Gained mutation: You have hooves in place of feet. [demonic
                  | ancestry]
  8011 | D:7      | Reached XP level 9. HP: 65/72 MP: 12/12
  8073 | D:7      | Received a gift from Nemelex Xobeh
  8115 | D:7      | Found a runed translucent door.
  8116 | D:7      | Noticed Crazy Yiuf
  8121 | D:7      | Killed Crazy Yiuf
  8914 | D:7      | Received a gift from Nemelex Xobeh
  8923 | D:7      | Noticed Maggie
  8959 | D:7      | Killed Maggie
  8960 | D:7      | Reached skill level 8 in Fighting
  9212 | D:7      | Reached skill level 5 in Armour
 10932 | D:8      | Reached skill level 9 in Fighting
 11180 | D:8      | Received a gift from Nemelex Xobeh
 11210 | D:8      | Gained mutation: You have a pair of antennae on your head.
                  | [demonic ancestry]
 11210 | D:8      | Reached XP level 10. HP: 82/83 MP: 13/13
 11219 | D:8      | Noticed a two-headed ogre
 11228 | D:8      | Killed a two-headed ogre
 12070 | D:9      | Received a gift from Nemelex Xobeh
 12070 | D:9      | Found a blossoming altar of Fedhas.
 12082 | D:9      | Noticed an oklob plant
 12102 | D:9      | Reached ***** piety under Nemelex Xobeh
 12179 | D:9      | Noticed Gastronok
 12190 | D:9      | Killed Gastronok
 12191 | D:9      | Reached skill level 10 in Fighting
 12617 | D:9      | Noticed Erolcha
 12626 | D:9      | Killed Erolcha
 13077 | D:9      | Got the Tractate on Necrotic Graupel
 13118 | D:9      | Gained mutation: You have claws for hands. [demonic
                  | ancestry]
 13118 | D:9      | Reached XP level 11. HP: 81/92 MP: 14/14
 13291 | D:10     | Entered Level 10 of the Dungeon
 13291 | D:10     | Noticed Urug
 13312 | D:10     | Killed Urug
 13313 | D:10     | Reached skill level 11 in Fighting
 13504 | D:10     | Noticed Fannar
 13513 | D:10     | Killed Fannar
 13809 | D:10     | Noticed a harpy
 13809 | D:10     | a yak changed into a harpy
 13810 | D:10     | a harpy changed into a naga
 14160 | D:10     | Noticed a two-headed ogre
 14161 | D:10     | Noticed Harold
 14379 | D:10     | Reached skill level 10 in Unarmed Combat
 14381 | D:10     | Killed Harold
 14390 | D:10     | Killed a two-headed ogre
 14415 | D:10     | Killed from afar by a steam dragon

Illustrated notes

Levels and vault maps discovered:
D:1:      dpeg_arrival_shrine, layout_basic, item_on_display_a
D:2:      cheibrodos_helix_gallery, layout_loops_ring,
          shapermc_ecumenical_altar_notcrosses
D:3:      layout_rooms, mainiacjoe_overflow_concentric_impassable,
          bloody_makhleb
D:4:      layout_cave_pools, minmay_temple_entry_gardened_gates
D:5:      layout_cave_pools, good_gods_mini_temple,
          nicolae_gozag_zags_fifth_avenue
D:6:      layout_cave_pods, mainiacjoe_overflow_swirl, portal_sewer_entry_e,
          bh_walls_and_bars, uniq_grinder
D:7:      layout_basic, uniq_maggie, uniq_crazy_yiuf_cottage
D:8:      layout_rooms, serial_ice, serial_ice_l, serial_ice_d, serial_ice_o,
          serial_ice_c, serial_ice_h, chequers_serial_rivers_small_b
D:9:      layout_small_grid, tgw_fedhas, supply_closet_lemuel, uniq_erolcha,
          uniq_gastronok
D:10:     layout_rooms, nzn_wu_jian_council_hall, erik_orc_4, serial_rivers,
          chequers_serial_rivers_marsh, chequers_serial_rivers_small_a,
          chequers_serial_rivers_large_a, chequers_serial_rivers_large_b,
          chequers_serial_rivers_small_b, uniq_harold, uniq_fannar, uniq_urug

Skill      XL: |  1  2  3  4  5  6  7  8  9 10 11 |
---------------+----------------------------------+-----
Maces & Flails | 3 |  3.4
Armour         | 1 2 3 4 5 6 7 |  7.5
Fighting       | 3 4 5 7 9 10 11 | 11.9
Invocations    | 1 2 3 4 5 |  5.5
Unarmed Combat | 1 2 3 5 7 9 10 | 10.3
Throwing       | |  1.7
Dodging        | |  2.6

Action                   |  1- 3 |  4- 6 |  7- 9 | 10-12 || total
-------------------------+-------+-------+-------+-------++-------
Melee: Flail             |   149 |   127 |   119 |       ||   395
       Punch             |     3 |     2 |    18 |     8 ||    31
       Unarmed           |       |       |   269 |   195 ||   464
       Kick              |       |       |    43 |    58 ||   101
Throw: Boomerang         |     3 |    12 |     3 |    10 ||    28
       Dart              |       |       |     1 |    23 ||    24
       Javelin           |       |       |       |     5 ||     5
Invok: Draw Destruction  |     1 |     2 |     2 |    11 ||    16
  Use: Scroll            |       |     2 |     7 |     8 ||    17
       Potion            |       |     2 |     7 |       ||     9
 Stab: Sleeping          |     1 |       |       |       ||     1
Armor: Leather armour    |    65 |    41 |    91 |       ||   197
       Acid dragon scale |       |       |    28 |    59 ||    87
Dodge: Dodged            |   125 |    81 |   218 |    92 ||   516
Block: Other             |       |       |    75 |    23 ||    98
